Map: Eastwatch LE

Players

SirScrubicus - Winner!

  • Race: Protoss Protoss
  • League: Platinum
  • Spawn Location: 7:00

Subwayeatn

  • Race: Zerg Zerg
  • League: Platinum
  • Spawn Location: 1:00

VOD

Have the link to the VOD?

Description

Time

  • Played on: April 25, 2018, 4:38 p.m.
  • Length: 5:35
Show
View Real Time Build Order
Export as new Build Order

SirScrubicus Protoss - Winner!

Build Orders: 1 Gate Expand, Oracle Opening 

Get SALT Encoding   

  12  0:00  Probe  
  13  0:12  Probe  
  14  0:19  Pylon  
  14  0:24  Probe  
  15  0:33  Probe  
  15  0:41  Gateway, Probe  
  17  0:51  Probe  
  17  0:53  Assimilator  
  18  1:03  Probe  
  19  1:16  Probe  
  20  1:27  Nexus  
  20  1:37  Cybernetics Core  
  20  1:40  Probe  
  21  1:50  Assimilator  
  21  1:52  Probe  
  22  2:01  Pylon  
  22  2:04  Probe  
  23  2:16  Adept  
  23  2:19  Probe  
  26  2:31  Warp Gate, Stargate  
  26  2:40  Probe x2  
  26  2:43  Adept  
  30  2:52  Probe x2  
  30  2:54  Pylon  
  32  3:04  Oracle, Probe x2  
  34  3:16  Stalker, Probe x2  
  41  3:28  Probe x2  
  41  3:29  Pylon  
  43  3:40  Probe  
  43  3:41  Probe  
  45  3:44  Gateway  
  45  3:47  Gateway  
  45  3:53  Probe x2  
  47  3:57  Twilight Council  
  47  4:04  Phoenix  
  47  4:05  Probe x2  
  47  4:06  Assimilator  
  47  4:09  Assimilator  
  51  4:17  Probe x2  
  50  4:39  Probe  
  50  4:40  Probe  
  52  4:51  Probe  
  52  4:52  Zealot x3, Probe  
  60  4:57  Robotics Facility x2  
  60  5:12  Nexus  
  60  5:13  Pylon  
  60  5:19  Probe x2  
  62  5:32  Pylon  
  62  5:33  Pylon  
Show
View Real Time Build Order
Export as new Build Order

Subwayeatn Zerg 

Build Orders: Pool First 

Get SALT Encoding   

  12  0:00  Drone  
  13  0:08  Drone  
  14  0:16  Overlord  
  14  0:35  Drone x3  
  17  0:46  Spawning Pool  
  17  0:48  Drone  
  17  1:14  Hatchery, Extractor  
  17  1:15  Drone  
  16  1:23  Drone  
  17  1:27  Drone  
  17  1:32  Overlord  
  18  1:43  Queen  
  20  1:59  Drone x2  
  22  2:13  Drone x2  
  24  2:40  Drone x4  
  28  2:47  Extractor  
  27  2:53  Roach Warren  
  27  2:54  Hatchery  
  25  2:58  Queen  
  27  3:06  Queen  
  29  3:18  Zergling x6  
  32  3:20  Zergling x2  
  33  3:31  Extractor  
  33  3:32  Extractor, Evolution Chamber  
  30  3:37  Evolution Chamber  
  30  3:39  Drone x2  
  31  3:46  Overlord  
  31  3:54  Drone x2  
  33  3:58  Drone  
  33  4:01  Drone  
  25  4:33  Drone x6  
  30  4:39  Spore Crawler  
  29  4:48  Spore Crawler  
  29  4:52  Drone x2  
  30  5:08  Drone  
  30  5:09  Drone  
  30  5:12  Drone  
  33  5:15  Drone  
  33  5:18  Drone  
Tags
 
Add a new tag
Caveats
  • Supply blocks, unpowered buildings, or Contaminate may cause inaccurate times.
  • Supply counts are checked every 10 seconds.